AoeStats
← 許瑞德

Arabia

510084910Analyzed
1v1 RM · 3d ago on Sep 29, 2026· 29m 37s· 2 players
Game mode
Random Map
Map size
Tiny (2 player)
Population
200
Speed
Normal
Resources
Standard
Victory
Conquest
Starting age
Dark Age
Ending age
Imperial Age
RankedLock teamsTeams togetherTeam positionsShared explorationLock speedFull tech treeHidden civsTurbo modeCheats
Victory
Defeat
🇹🇼 Persians · Taiwan
647
+14
🇪🇸 Bulgarians · Spain
602
-14
MrSebastianny
0:48 Loom
11:01 Feudal Age
17:58 Horse Collar
18:07 Double-Bit Axe
18:39 Forging
23:33 Scale Mail Armor
27:58 Castle Age
許瑞德
0:38 Loom
11:24 Feudal Age
12:39 Wheelbarrow
16:55 Castle Age
16:43 Town Watch
20:22 Bloodlines
22:05 Forging
23:48 Scale Barding Armor
25:48 Husbandry
26:39 Double-Bit Axe
30:18 Iron Casting
Connection lost

Rejoining the realm…

Still unreachable

The connection could not be restored.

Session expired

The server has moved on; the page needs a fresh start.